 Dungeon Crawl Stone Soup version 0.29.0-5-ge4962eb29e (webtiles) character file.

Game seed: 2211287705001109662

1069 Anothat the Blocker (level 8, -4/65 HPs)
             Began as a Formicid Fighter on Aug 29, 2022.
             Was a Believer of Okawaru.
             Slain by a killer bee (7 damage)
             ... on level 5 of the Dungeon.
             The game lasted 00:08:02 (4338 turns).

Anothat the Blocker (Formicid Fighter)              Turns: 4338, Time: 00:08:03

Health: -4/65      AC: 13    Str: 23    XL:     8   Next: 53%
Magic:  8/8        EV:  6    Int:  8    God:    Okawaru [**....]
Gold:   170        SH:  0    Dex: 13    Spells: 7/7 levels left

rFire   + . .      SeeInvis +   h - +2 spear (venom)
rCold   + . .      Faith    .   (no shield)
rNeg    . . .      Spirit   .   i - +0 plate armour
rPois   +          Reflect  .   (helmet unavailable)
rElec   +          Harm     .   u - +0 cloak
rCorr   +          Rampage  .   (no gloves)
Will    .....                   j - +0 pair of boots
Stlth   ..........              g - amulet of the acrobat
HPRegen 0.20/turn               (no ring)
MPRegen 0.11/turn               (no ring)

@: resistant, attractive
A: permanent stasis, dig shafts and tunnels, antennae 3, four strong arms
a: Dig, Shaft Self, Renounce Religion, Heroism


You were on level 5 of the Dungeon.
You worshipped Okawaru.
Okawaru was pleased with you.
You visited 1 branch of the dungeon, and saw 5 of its levels.

You collected 170 gold pieces.

Inventory:

Hand Weapons
 a - a +0 war axe
 h - a +2 spear of venom (weapon)
 n - a +0 giant spiked club
Armour
 c - a +0 buckler
 i - a +0 plate armour (worn)
 j - a +0 pair of boots (worn)
 u - a +0 cloak (worn)
Jewellery
 e - a ring of fire
 g - an amulet of the acrobat (around neck)
Scrolls
 b - a scroll of enchant weapon
 t - 5 scrolls of identify
Potions
 d - a potion of might
 k - 2 potions of brilliance
 p - 5 potions of degeneration


   Skills:
 + Level 6.7 Fighting
 - Level 2.4(4.1) Axes
 * Level 1.9(2.5) Maces & Flails
 - Level 4.7(5.0) Polearms
 - Level 3.3 Armour
 + Level 8.1 Shields


You had 7 spell levels left.
You didn't know any spells.
Your spell library contained the following spells:

 Spells                   Type           Power      Damage    Failure   Level
 Gell's Gravitas          Tloc           0%         N/A       100%        3
 Ozocubu's Armour         Ice            0%         N/A       100%        3
 Teleport Other           Tloc           0%         N/A       100%        3
 Cause Fear               Hex            0%         N/A       100%        4
 Freezing Cloud           Conj/Ice/Air   0%         6-21      100%        5
 Dispersal                Tloc           0%         N/A       100%        6
 Dragon Form              Tmut           0%         N/A       100%        7
 Ozocubu's Refrigeration  Ice            0%         4d7       100%        7
 Polar Vortex             Ice            0%         N/A       100%        9
 Simulacrum               Ice/Necr       Unusable   N/A       N/A         6
 Dragon's Call            Summ           Unusable   N/A       N/A         9

Dungeon Overview and Level Annotations

Branches:
Dungeon (5/15)             Temple (0/1) D:5

Altars:
Nemelex Xobeh
Okawaru
Yredelemnul


Innate Abilities, Weirdness & Mutations

You cannot be hasted, slowed, berserked, paralysed or teleported.
You can dig through walls and to a lower floor.
You have a pair of large antennae on your head. (SInv)
Your four strong arms can wield two-handed weapons with a shield.


Message History

You feel sick. The killer bee stings you!
* * * LOW HITPOINT WARNING * * *
Aiming: Mindburst
Press: ? - help, Shift-Dir - straight line, f - killer bee
Aim: a killer bee (chance to affect: 72%)
The killer bee struggles to resist.
You feel sick. The killer bee barely misses you. x2
Aiming: Mindburst
Press: ? - help, Shift-Dir - straight line, f/p - killer bee
Aim: a killer bee (chance to affect: 72%)
The killer bee struggles to resist.
The now-empty wand crumbles to dust.
You feel sick.
The killer bee stings you but does no damage. x2
Okay, then.
You aren't carrying any items that you can evoke.
Okay, then.
Okay, then.
You hit the killer bee.
The killer bee is poisoned.
The killer bee is lightly wounded.
You feel sick.
You are no longer poisoned.
The killer bee stings you but does no damage. x2
You hit the killer bee.
The killer bee is severely wounded.
You kill the killer bee!
Okawaru accepts your kill. The killer bee barely misses you.
You hit the killer bee.
The killer bee is lightly wounded.
The killer bee barely misses you.
You hit the killer bee.
The killer bee is poisoned.
The killer bee is lightly wounded.
You float gracefully downwards.
The killer bee completely misses you.
The killer bee stings you but does no damage.
Okay, then.
You hit the killer bee.
The killer bee is severely wounded.
The killer bee stings you but does no damage.
The killer bee stings you!
You die...

#########################
#.÷....).................
#.#######################
#.# #...yy§... #.#
#y######## #.# #@# #)#
#.# #.# #.# #.# #.#
#)######.# #........#
##########


You could see a killer bee (very poisoned).

Vanquished Creatures
  Grinder (D:3)
  2 black bears
  2 ogres (D:5)
  A phantom (D:5)
  2 scorpions (D:4)
  4 killer bees (D:5)
  An orc priest (D:5)
  Ijyb (D:3)
  An iguana (D:5)
  2 adders
  An ufetubus (D:5)
  A worm (D:3)
  3 dart slugs
  3 orcs (D:5)
  5 bats
  3 endoplasms
  6 hobgoblins
  4 kobolds
  5 quokkas
  4 ball pythons
  A frilled lizard (D:1)
  8 goblins
  3 rats
64 creatures vanquished.

Notes
Turn   | Place    | Note
-------+----------+-------------------------------------------
     0 | D:1      | Anothat the Formicid Fighter began the quest for the Orb.
     0 | D:1      | Reached XP level 1. HP: 18/18 MP: 1/1
   190 | D:1      | Reached XP level 2. HP: 24/24 MP: 2/2
   787 | D:2      | Identified the +0 leather armour of Boredom {rPois rC+
                  | SInv}
   964 | D:2      | Reached XP level 3. HP: 30/30 MP: 3/3
  1387 | D:2      | Reached skill level 1 in Polearms
  1980 | D:3      | Noticed Ijyb
  2177 | D:3      | Killed Ijyb
  2178 | D:3      | Reached XP level 4. HP: 36/37 MP: 4/4
  2525 | D:3      | Found an iron altar of Okawaru.
  2585 | D:3      | Became a worshipper of Warmaster Okawaru
  2607 | D:3      | Reached skill level 5 in Shields
  2661 | D:3      | Noticed Grinder
  2665 | D:3      | Killed Grinder
  2665 | D:3      | Reached * piety under Okawaru
  2666 | D:3      | Reached skill level 5 in Fighting
  2666 | D:3      | Reached skill level 6 in Shields
  2666 | D:3      | Reached XP level 5. HP: 44/44 MP: 5/5
  2666 | D:3      | Reached XP level 6. HP: 51/51 MP: 6/6
  2798 | D:4      | Reached XP level 7. HP: 54/56 MP: 7/7
  2825 | D:4      | Found a basalt altar of Yredelemnul.
  3059 | D:4      | Found a sparkling altar of Nemelex Xobeh.
  3606 | D:5      | Entered Level 5 of the Dungeon
  3655 | D:5      | Reached skill level 7 in Shields
  3791 | D:5      | Found a staircase to the Ecumenical Temple.
  3820 | D:5      | Reached ** piety under Okawaru
  3821 | D:5      | Reached XP level 8. HP: 58/64 MP: 8/8
  4331 | D:5      | Reached skill level 1 in Maces & Flails
  4331 | D:5      | Reached skill level 8 in Shields
  4334 | D:5      | HP: 3/65 [poisoned by a killer bee]
  4338 | D:5      | Slain by a killer bee

Illustrated notes

Levels and vault maps discovered:
D:1:      dpeg_arrival_short_road, layout_basic, minmay_pentomino_v4
D:2:      layout_basic
D:3:      layout_basic, kennysheep_okawaru_gauntlet,
          amcnicky_mini_rare_corridor_liquid, corexii_corridor_pit,
          minmay_misc_feat_diagonals, uniq_grinder, uniq_ijyb
D:4:      layout_rooms, mainiacjoe_overflow_24_doors,
          mainiacjoe_overflow_alcove_1
D:5:      layout_basic, nzn_wu_jian_council_hall, minmay_temple_entry_overgrown,
          enter_ossuary_2

Skill      XL: |  1  2  3  4  5  6  7  8 |
---------------+-------------------------+-----
Polearms       | 1 2 3 4 |  4.7
Fighting       | 4 5 6 |  6.7
Shields        | 6 7 8 |  8.1
Maces & Flails | 1 |  1.9
Axes           | |  2.4
Armour         | |  3.3

Action                   |  1- 3 |  4- 6 |  7- 9 || total
-------------------------+-------+-------+-------++-------
Melee: War axe           |    43 |       |       ||    43
       Spear             |    43 |    28 |   112 ||   183
       Giant spiked club |       |       |    12 ||    12
Evoke: Wand              |       |     4 |     9 ||    13
  Use: Scroll            |     7 |     3 |     2 ||    12
       Potion            |       |       |     5 ||     5
Armor: Scale mail        |    10 |       |       ||    10
       Plate armour      |    24 |     8 |    84 ||   116
       Chain mail        |     8 |       |       ||     8
Dodge: Dodged            |    33 |     3 |    50 ||    86
Block: Buckler           |    12 |     7 |    18 ||    37
